[Event "*** Titled Tuesday 3|2 Blitz"]
[Site "Chess.com"]
[Date "2016.05.03"]
[Round "1"]
[White "chorejason"]
[Black "oskariot"]
[Result "0-1"]
[WhiteElo "2055"]
[BlackElo "2431"]
[TimeControl "180+2"]
[EndTime "11:08:36 PDT"]
[Termination "oskariot won by resignation"]

1. e4 c5 2. Nf3 d6 3. d4 cxd4 4. Nxd4 Nf6 5. Nc3 Nc6 6. Bc4 Qb6 7. Nxc6 bxc6 8. O-O g6 9. e5 dxe5 10. Qe2 Qd4 11. Be3 Qd6 12. Rad1 Qc7 13. h3 Bg7 14. f4 e4 15. Bd4 O-O 16. Nxe4 Nxe4 17. Qxe4 Bf5 18. Qe3 Bxd4 19. Rxd4 Bxc2 20. Rc1 Bf5 21.
g4 Bc8 22. Bd5 Bb7 23. Rdc4 Qa5 24. Bxc6 Bxc6 25. Rxc6 Qxa2 26. Qxe7 Qxb2 27. R1c2 Qd4+ 28. Kh2 Qxf4+ 29. Kg2 Rfd8 30. Rc7 Rd2+ 31. Rxd2 Qxd2+ 32. Kg3 Qd3+ 33. Kh4 Qf3 34. Rd7 h6 35. Rd8+ Rxd8 36. Qxd8+ Kh7 0-1

[Event "*** Titled Tuesday 3|2 Blitz"]
[Site "Chess.com"]
[Date "2016.05.03"]
[Round "1"]
[White "Ginger_GM"]
[Black "Misha_Bilous"]
[Result "1-0"]
[WhiteElo "2552"]
[BlackElo "2232"]
[TimeControl "180+2"]
[EndTime "11:08:44 PDT"]
[Termination "Ginger_GM won on time"]

1. e4 c5 2. a3 e6 3. b4 cxb4 4. axb4 Bxb4 5. Bb2 Nf6 6. e5 Nd5 7. c4 Nc7 8. Ra3 Bxa3 9. Bxa3 d6 10. Bxd6 Nc6 11.
Qg4 Rg8 12. Nc3 Ne7 13. Ne4 Ng6 14. Nf3 f5 15. exf6 gxf6 16. Bxc7 Qxc7 17. Nxf6+ Kf7 18. Nxg8 Kxg8 19. Bd3 Qg7 20. O-O Bd7 21. h4 Rf8 22.
h5 Nf4 23. Qxg7+ Kxg7 24. Be4 Bc6 25. Bxc6 bxc6 26. Ra1 Rf7 27. Ne5 Rc7 28. g4 Kf6 29. Nf3 Rd7 30. Ra5 Rd3 31. g5+ Ke7 32. Ne5 Rxd2 33.
Rxa7+ Ke8 34. g6 hxg6 35. hxg6 Nh3+ 36. Kg2 Nxf2 37. Kf3 Nh1 38. Ng4 Rd3+ 39. Kf4 Rd2 40. g7 1-0

[Event "*** Titled Tuesday 3|2 Blitz"]
[Site "Chess.com"]
[Date "2016.05.03"]
[Round "1"]
[White "KyronGriffith"]
[Black "Anton_Demchenko"]
[Result "0-1"]
[WhiteElo "2313"]
[BlackElo "2641"]
[TimeControl "180+2"]
[EndTime "11:08:45 PDT"]
[Termination "Anton_Demchenko won by resignation"]

1. d4 Nf6 2. Nf3 g6 3. g3 Bg7 4. Bg2 O-O 5. c4 d6 6. O-O Nbd7 7. Nc3 e5 8. e4 exd4 9. Nxd4 Nc5 10. Re1 Re8 11.
h3 Bd7 12. b4 Ne6 13. Be3 a5 14. a3 h6 15. Qd2 Ng5 16. Bxg5 hxg5 17. Rad1 axb4 18.
axb4 g4 19. h4 Nh5 20. c5 dxc5 21. bxc5 Be5 22. Nd5 Ba4 23. Rb1 c6 24. Rxb7 Bxd4 25. Qxd4 cxd5 26. Ra1 dxe4 27. Rxa4 Rxa4 28. Qxa4 e3 29.
fxe3 Rxe3 30. Qxg4 Rxg3 31. Qc4 Qf6 32. Qf1 Nf4 33.
Rb6 Qxh4 34. Rb2 Nh3+ 35. Kh2 Ng5+ 36. Kg1 Qd4+ 37. Qf2 Nh3+ 0-1

[Event "*** Titled Tuesday 3|2 Blitz"]
[Site "Chess.com"]
[Date "2016.05.03"]
[Round "1"]
[White "the_drake"]
[Black "swayamsm"]
[Result "1-0"]
[WhiteElo "2214"]
[BlackElo "2509"]
[TimeControl "180+2"]
[EndTime "11:08:47 PDT"]
[Termination "the_drake won by resignation"]

1. e4 e6 2. d4 d5 3. Nd2 Nf6 4. e5 Nfd7 5. c3 c5 6. Bd3 Nc6 7. Ne2 cxd4 8. cxd4 f6 9. exf6 Nxf6 10. Nf3 Bd6 11.
O-O Qc7 12. Bg5 O-O 13. Rc1 Bd7 14. Ng3 Kh8 15. Bb1 Ng4 16. Qd3 g6 17. a3 Qb6 18.
b4 a6 19. h3 Nxf2 20. Kxf2 e5 21. Bh6 e4 22. Nxe4 dxe4 23. Qxe4 Rae8 24. Qd3 Nxd4 25. Qc3 Rxf3+ 26. gxf3 Re2+ 27. Kg1 Kg8 28. Be3 Nf5 29. Qc4+ Kg7 30. Qxe2 Nxe3 31. Qf2 Bf4 32. Rfe1 Qf6 33.
Kh1 Qg5 34. Rg1 Qh5 35. h4 Kh6 36.
Rc5 Nf5 37. Bxf5 Bxf5 38. Rg4 Bd6 39. Rd5 Be7 40. Rf4 Bf6 41. Kg2 Kg7 42. Qg3 Qh6 43. Rdxf5 Kf7 44. Rxf6+ 1-0

[Event "*** Titled Tuesday 3|2 Blitz"]
[Site "Chess.com"]
[Date "2016.05.03"]
[Round "1"]
[White "Grootneus"]
[Black "GM_Levan_Pantsulaia"]
[Result "0-1"]
[WhiteElo "2047"]
[BlackElo "2434"]
[TimeControl "180+2"]
[EndTime "11:08:55 PDT"]
[Termination "GM_Levan_Pantsulaia won by resignation"]

1. e4 c6 2. d4 d5 3. Nc3 dxe4 4.
Nxe4 Bf5 5. Ng3 Bg6 6. h4 h6 7. Nf3 e6 8. h5 Bh7 9. Bd3 Bxd3 10. Qxd3 Nf6 11. Bd2 Bd6 12. Ne4 Nxe4 13. Qxe4 Nd7 14. O-O-O Qc7 15. g3 Nf6 16. Qe2 O-O-O 17. Kb1 Rd7 18.
c4 c5 19. Bc3 cxd4 20. Nxd4 a6 21. f4 Rhd8 22. Nf3 Qc6 23. Ka1 Bc7 24. Ne5 Qe4 25.
Qxe4 Rxd1+ 26. Rxd1 Rxd1+ 27. Qb1 Rxb1+ 28. Kxb1 Nxh5 29. Nxf7 Nxg3 30. Bxg7 h5 31. Ng5 h4 32. Nxe6 h3 33. Nxc7 h2 34. Nd5 h1=Q+ 35. Kc2 Qe4+ 36. Kb3 Nf5 37. Be5 Ne3 38. Nb6+ Kd8 39. Kb4 Qc6 40. Bd4 Nc2+ 41. Kc3 Nxd4 0-1

[Event "*** Titled Tuesday 3|2 Blitz"]
[Site "Chess.com"]
[Date "2016.05.03"]
[Round "1"]
[White "KuzubovYuriy"]
[Black "defibaugh"]
[Result "1-0"]
[WhiteElo "2602"]
[BlackElo "2299"]
[TimeControl "180+2"]
[EndTime "11:08:56 PDT"]
[Termination "KuzubovYuriy won by resignation"]

1. d4 Nf6 2. c4 g6 3. Nc3 d5 4.
Bg5 Ne4 5. Bh4 Nxc3 6. bxc3 Bg7 7. e3 c5 8. cxd5 cxd4 9. cxd4 Qxd5 10. Nf3 Nc6 11. Be2 Qa5+ 12. Nd2 O-O 13. O-O e5 14. Nc4 Qd5 15. dxe5 Qxd1 16. Rfxd1 Nxe5 17. Rab1 b6 18. Nd6 Be6 19. Be7 Rfb8 20. a4 Bf8 21. Bh4 a6 22. h3 Ra7 23. f4 Nc6 24. Ne4 Be7 25. Bxe7 Nxe7 26. Ng5 Nd5 27. Nxe6 fxe6 28. Rd3 Rc7 29. Rbb3 a5 30. Bf3 Nb4 31. Rd6 Kf7 32. Bg4 Re7 33. Rc3 e5 34. Bf3 e4 35. Be2 Kg7 36. Bb5 Rbb7 37. Rd4 Rbc7 38. Rxe4 Rxe4 39. Rxc7+ Kf6 40.
Bc4 g5 41. fxg5+ Kxg5 42. Kf2 Re5 43. Rxh7 Na2 44. Bxa2 1-0

[Event "*** Titled Tuesday 3|2 Blitz"]
[Site "Chess.com"]
[Date "2016.05.03"]
[Round "1"]
[White "yian123"]
[Black "ChadaevNikolay"]
[Result "1-0"]
[WhiteElo "2424"]
[BlackElo "2554"]
[TimeControl "180+2"]
[EndTime "11:08:56 PDT"]
[Termination "yian123 won on time"]

1. e4 c6 2. d4 d5 3. Nd2 dxe4 4. Nxe4 h6 5. Bc4 Bf5 6. Ng3 Bh7 7. N1e2 Nf6 8. c3 e6 9. O-O Nbd7 10. Nf4 Nd5 11. Qe2 N7f6 12. Ngh5 Nxh5 13. Nxh5 Qd7 14. a4 a5 15. Nf4 Nxf4 16. Bxf4 Bd6 17. Be5 O-O 18.
Rfe1 Rfe8 19. Qg4 Bf8 20. Re3 Bf5 21. Qg3 b5 22. Bd3 Bxd3 23. Rxd3 Qd5 24. Qg4 g6 25. axb5 Qxb5 26. Rd2 Bg7 27. Re1 a4 28. h4 a3 29.
bxa3 Rxa3 30. h5 g5 31. f4 f5 32. Qg3 Bxe5 33. dxe5 Qc5+ 34. Qe3 Rxc3 35. Qxc5 Rxc5 36.
fxg5 hxg5 37. Rd7 Rd5 38. Rc7 c5 39. h6 Rf8 40. Ra1 c4 41. Raa7 Rfd8 42. Rh7 Rd1+ 43.
Kh2 1-0

[Event "*** Titled Tuesday 3|2 Blitz"]
[Site "Chess.com"]
[Date "2016.05.03"]
[Round "1"]
[White "chessbia"]
[Black "Blitzstream"]
[Result "1/2-1/2"]
[WhiteElo "2036"]
[BlackElo "2409"]
[TimeControl "180+2"]
[EndTime "11:09:09 PDT"]
[Termination "Game drawn by agreement"]

1. d4 d5 2. c4 c6 3. cxd5 cxd5 4. Bf4 Nf6 5. Nc3 Nc6 6. e3 e6 7. Bd3 Bd6 8. Bxd6 Qxd6 9. f4 O-O 10. Nf3 Nb4 11. Bb1 b6 12. O-O Ba6 13. Rf2 g6 14. h3 Rac8 15. a3 Nc6 16. Ne5 Bb7 17. Bd3 Na5 18. g4 Ne4 19. Bxe4 dxe4 20. g5 Nc4 21.
Qe1 Nxe5 22. fxe5 Qe7 23. h4 h5 24. gxh6 Qxh4 25. h7+ Kh8 26. Rf4 Qxe1+ 27. Rxe1 Kxh7 28. Ref1 Kg7 29. R1f2 Rc7 30. Nb5 Rd7 31. Nd6 Bd5 32. b4 a6 33. Kg2 b5 34. Kg3 Rc7 35. Kg4 Rd7 36. Rc2 Rh8 37. Rcf2 Rf8 38. Rc2 Rh8 39.
Nxe4 Bxe4 40. Rxe4 Rh1 41. Rf4 Rg1+ 42. Kf3 Ra1 43. Rc3 Ra2 44. Ke4 Ra7 45. Rf1 Rd7 46. Rd1 Ra7 47. d5 exd5+ 48. Rxd5 Re7 49. Rd6 Ra7 50.
e6 fxe6 51. Rxe6 a5 52. Rcc6 Rxa3 53. Rxg6+ Kh7 54. bxa5 R3xa5 55. Rh6+ Kg7 56. Rcg6+ Kf7 57. Rf6+ Kg7 58. Rfg6+ Kf7 1/2-1/2

[Event "*** Titled Tuesday 3|2 Blitz"]
[Site "Chess.com"]
[Date "2016.05.03"]
[Round "1"]
[White "Keranke"]
[Black "Quinten94"]
[Result "1-0"]
[WhiteElo "2608"]
[BlackElo "2292"]
[TimeControl "180+2"]
[EndTime "11:09:10 PDT"]
[Termination "Keranke won by resignation"]

1. d4 d5 2. c4 c6 3. Nc3 dxc4 4. a4 e5 5. Nf3 exd4 6. Nxd4 Bc5 7. Be3 Nd7 8. Nf5 Bxe3 9. fxe3 g6 10. Nd6+ Kf8 11. Nxc4 Kg7 12. g3 Ngf6 13. Bg2 Nc5 14. b4 Qxd1+ 15. Rxd1 Na6 16. b5 Nc5 17. bxc6 bxc6 18.
Bxc6 Rb8 19. O-O Be6 20. Ne5 h5 21. Rf4 Rb3 22. Nb5 Rxe3 23. Nd3 Nxd3 24. exd3 Rd8 25. Nxa7 Rdxd3 26. Rxd3 Rxd3 27. a5 Ng4 28. a6 Ne5 29.
Bb5 Rb3 30. Ba4 Rb6 31. Bb5 Bd7 32. Ra4 Be6 33. Be2 f5 34. Nb5 Bd5 35. Nc7 Bc6 36. a7 Rb7 37. a8=Q Rb1+ 38. Kf2 Bxa8 39. Rxa8 Kf6 40.
Nd5+ Kg5 41. h4+ Kh6 42. Ra7 g5 43. Ra6+ Kg7 44. hxg5 Nf7 45. Ra7 1-0

[Event "*** Titled Tuesday 3|2 Blitz"]
[Site "Chess.com"]
[Date "2016.05.03"]
[Round "1"]
[White "Zazuliak"]
[Black "AndrewMcStone"]
[Result "1/2-1/2"]
[WhiteElo "2364"]
[BlackElo "1960"]
[TimeControl "180+2"]
[EndTime "11:09:18 PDT"]
[Termination "Game drawn by agreement"]

1. d4 Nf6 2. c4 Nc6 3. Nf3 e6 4. Nc3 Bb4 5. Qc2 d6 6. Bd2 O-O 7. a3 Bxc3 8. Bxc3 Qe7 9. e3 e5 10. dxe5 dxe5 11. Be2 Bg4 12. h3 Bh5 13. O-O a5 14. Rad1 a4 15. Nh4 Bxe2 16. Qxe2 Ne4 17. Nf5 Qf6 18. Qg4 Nxc3 19. bxc3 Rad8 20. Rd5 Ne7 21.
Nxe7+ Qxe7 22. Ra1 c6 23. Rdd1 Qc5 24. Qe2 Rxd1+ 25.
Qxd1 Qxc4 26. Rb1 b5 27. Qd2 e4 28. Rb4 Qd3 29. Qxd3 exd3 30. Rd4 c5 31. Rxd3 Rc8 32.
f4 Kf8 33. Kf2 Ke7 34. Ke2 f5 35. Rd5 Ke6 36. Re5+ Kf6 37. g4 g6 38. Kf3 Rc7 39. Re8 Rd7 40. Rb8 Rd3 41. Rb7 Rxc3 42. Rxb5 Rxa3 43.
Rxc5 Ra1 44. g5+ Kf7 45. Rc7+ Kg8 46. Ra7 a3 47. h4 a2 48. Kg2 Kf8 49. Kh2 Kg8 50.
Ra3 Kf7 51. Kg2 Ke6 52. Ra5 Kd6 53. Ra8 1/2-1/2

[Event "*** Titled Tuesday 3|2 Blitz"]
[Site "Chess.com"]
[Date "2016.05.03"]
[Round "1"]
[White "Colombiano07"]
[Black "spectralsoul"]
[Result "0-1"]
[WhiteElo "2236"]
[BlackElo "2553"]
[TimeControl "180+2"]
[EndTime "11:09:22 PDT"]
[Termination "spectralsoul won on time"]

1. e4 c5 2. Nf3 Nc6 3. Nc3 e6 4.
d4 cxd4 5. Nxd4 Qc7 6. Nxc6 bxc6 7. Bd3 Nf6 8. O-O Be7 9. Qf3 O-O 10. Bf4 d6 11. h3 e5 12. Be3 Be6 13. b3 d5 14.
Bg5 Rfd8 15. Rfe1 h6 16. Bh4 Qa5 17. exd5 cxd5 18. Rxe5 Qxc3 19. Bh7+ Nxh7 20. Qxc3 Bxh4 21. Qc6 Bf6 22. Rxe6 Bxa1 23. Re7 Bf6 24. Rc7 Ng5 25. Qa6 Bd4 26. Kf1 Bb6 27. Rc6 Ne4 28. f3 Ng3+ 29. Ke1 Re8+ 30. Kd1 Nf5 31. g4 Nd4 32. Rc3 Re6 33.
Rc8+ Rxc8 34. Qxc8+ Kh7 35. Qd7 Nxf3 36. c3 Re1+ 37. Kc2 Re2+ 38. Kb1 Re5 39. Qxf7 Ng5 40.
Qf4 Re1+ 41. Kc2 Re2+ 42. Kd1 Rf2 43. Qe5 Ne4 44. Ke1 Be3 45. Qxd5 Bd2+ 46. Qxd2 Rxd2 47.
c4 Rxa2 0-1

[Event "*** Titled Tuesday 3|2 Blitz"]
[Site "Chess.com"]
[Date "2016.05.03"]
[Round "1"]
[White "chesstatour"]
[Black "Aguiar94"]
[Result "1/2-1/2"]
[WhiteElo "2026"]
[BlackElo "2398"]
[TimeControl "180+2"]
[EndTime "11:09:26 PDT"]
[Termination "Game drawn - insufficient material"]

1. c4 e6 2. d4 Nf6 3. Nc3 Bb4 4. a3 Bxc3+ 5. bxc3 c5 6. Nf3 b6 7. Bg5 Nc6 8. e3 O-O 9. Be2 Ba6 10. O-O h6 11. Bh4 Rc8 12. Rc1 Na5 13. Nd2 d5 14. cxd5 Bxe2 15.
Qxe2 exd5 16. e4 g5 17. Bg3 Nxe4 18. Nxe4 Re8 19. Be5 dxe4 20. Qh5 Rc6 21. f4 Nc4 22. fxg5 Nxe5 23. dxe5 Rg6 24. gxh6 Qd2 25. h7+ Kh8 26. Qh3 e3 27. Rcd1 Qxc3 28. Rxf7 Qxe5 29. Rdf1 Qd6 30. Qf5 e2 31. Rf8+ Rxf8 32. Qxf8+ Qxf8 33. Rxf8+ Kxh7 34. Re8 Rc6 35. Rxe2 c4 36. Rc2 c3 37. Kf2 b5 38. Ke3 a5 39. Kd3 b4 40. axb4 axb4 41. Rc1 Kg6 42. Kc2 Rb6 43. Kb3 Kf5 44. Rf1+ Ke4 45. g3 Ke3 46. h4 Ke2 47. Rh1 Kf3 48. h5 Kxg3 49. h6 Rb8 50. h7 Rh8 51. Kxb4 c2 52. Rc1 Rxh7 53. Rxc2 Rb7+ 54. Kc3 Rc7+ 55.
Kd3 Rxc2 56. Kxc2 1/2-1/2

[Event "*** Titled Tuesday 3|2 Blitz"]
[Site "Chess.com"]
[Date "2016.05.03"]
[Round "1"]
[White "Pomoc"]
[Black "Inopov"]
[Result "0-1"]
[WhiteElo "2090"]
[BlackElo "2460"]
[TimeControl "180+2"]
[EndTime "11:09:27 PDT"]
[Termination "Inopov won on time"]

1. e4 c5 2. c3 d5 3. exd5 Nf6 4. d4 Nxd5 5. dxc5 e6 6. Bb5+ Bd7 7. Bxd7+ Nxd7 8. c6 bxc6 9. Nf3 Qc7 10. O-O Be7 11. c4 N5f6 12. Nc3 O-O 13. Re1 Bb4 14. Qe2 Bxc3 15.
bxc3 Qa5 16. Ne5 Nxe5 17. Qxe5 Qa4 18. Bg5 Nd7 19. Qg3 Kh8 20. Re4 Rab8 21. h3 Qc2 22. Rae1 Rb1 23. Kh2 Rxe1 24. Rxe1 Nb6 25. Be7 Re8 26.
Re3 Nxc4 27. Rd3 h6 28. Rd8 Rxd8 29. Bxd8 Kh7 30. Bc7 Qd2 31. Be5 f6 32. Bd4 a6 33.
a4 e5 34. Bc5 Qf4 35. Qxf4 exf4 36. h4 Kg6 37. Bb4 Kf5 38. f3 h5 39. a5 g5 40. Kh3 Ne3 41. hxg5 fxg5 42. Bd6 g4+ 43. Kh2 Nc4 44. Bc7 Nd2 45. fxg4+ hxg4 46. Kg1 Ke4 47. Bb6 Nc4 48. Bc7 Ke3 49. Bb6+ Ke2 50.
Bc7 f3 0-1

[Event "*** Titled Tuesday 3|2 Blitz"]
[Site "Chess.com"]
[Date "2016.05.03"]
[Round "1"]
[White "Ksenia_Legenko"]
[Black "GMG"]
[Result "0-1"]
[WhiteElo "2071"]
[BlackElo "2436"]
[TimeControl "180+2"]
[EndTime "11:09:32 PDT"]
[Termination "GMG won by checkmate"]

1. d4 d5 2. c4 e6 3. Nf3 c6 4. g3 Bd6 5. Bg2 f5 6. O-O Nf6 7. Nbd2 Nbd7 8. Ne1 O-O 9. Qc2 Qe7 10. Ndf3 Ne4 11.
Nd3 g5 12. Nfe5 Bxe5 13. Nxe5 Nxe5 14. dxe5 b6 15. b3 Bb7 16. a4 a5 17. Be3 Nc5 18.
Rac1 Rac8 19. Kh1 Nd7 20. cxd5 exd5 21. Rfd1 Nxe5 22. Bxb6 Rf6 23. Bd4 f4 24. Qc5 Qe6 25. Bxe5 Qxe5 26. Bf3 Rcf8 27. Qb6 fxg3 28. fxg3 Ba8 29.
Qd4 Qb8 30. Qg4 h6 31. Rc3 Qe5 32. Qd4 Qe7 33. Re3 Qf7 34. b4 axb4 35. Qxb4 h5 36.
h3 Rg6 37. Re7 Qf6 38. Qd4 Qxe7 39. Bxh5 c5 40. Qd2 d4+ 41. Kg1 Rh6 42. Bg4 Qe4 43. Bf3 Qe5 44. Kg2 Rhf6 45. Bxa8 Rf2+ 46. Kg1 Qxg3+ 47. Kh1 Qh2# 0-1

[Event "*** Titled Tuesday 3|2 Blitz"]
[Site "Chess.com"]
[Date "2016.05.03"]
[Round "1"]
[White "Kawhi_Leonard2"]
[Black "AleksandrNevski"]
[Result "1-0"]
[WhiteElo "2051"]
[BlackElo "2406"]
[TimeControl "180+2"]
[EndTime "11:09:32 PDT"]
[Termination "Kawhi_Leonard2 won on time"]

1. e4 e5 2. Nf3 Nc6 3. Bb5 Nf6 4. O-O Be7 5. Re1 d6 6. d4 exd4 7. Nxd4 Bd7 8. Bxc6 bxc6 9. Nc3 O-O 10. b3 Re8 11.
Bb2 Bf8 12. Qf3 g6 13. e5 dxe5 14. Nxc6 Bxc6 15. Qxc6 Qd6 16. Qxd6 cxd6 17. Nb5 Rec8 18. c4 a6 19. Nc3 Rab8 20. Rad1 Rc6 21. f3 h5 22. Kf2 Be7 23. Ba3 Rb7 24. Nd5 Nxd5 25.
Rxd5 f5 26. Red1 Rd7 27. c5 Kf7 28. cxd6 Bf6 29. Rc5 Rxc5 30. Bxc5 Ke6 31. b4 Bg7 32. g4 hxg4 33. fxg4 e4 34. gxf5+ gxf5 35. h4 f4 36. h5 Bf6 37. Rh1 Kf5 38. h6 Rh7 39. Rh5+ Kg4 40.
Rh1 Bh4+ 41. Kf1 f3 42. Be3 Bg3 43. Rg1 Kh3 44. Rh1+ Kg4 45. Rg1 Kh4 46. Bf2 Bxf2 47. Kxf2 Rxh6 48. Rh1+ Kg5 49. Rxh6 1-0

[Event "*** Titled Tuesday 3|2 Blitz"]
[Site "Chess.com"]
[Date "2016.05.03"]
[Round "1"]
[White "Krasimir_Rusev"]
[Black "crisfoisor"]
[Result "1-0"]
[WhiteElo "2478"]
[BlackElo "2126"]
[TimeControl "180+2"]
[EndTime "11:09:36 PDT"]
[Termination "Krasimir_Rusev won by resignation"]

1. d4 g6 2. c3 Bg7 3. Bf4 d6 4. e3 Nd7 5. Nf3 e5 6. Bg3 Nh6 7. Bh4 f6 8. dxe5 dxe5 9. Bc4 g5 10. Nxg5 fxg5 11. Qh5+ Kf8 12. Bxg5 Qe8 13. Qf3+ Nf7 14. Nd2 Nb6 15. Bb3 Be6 16. O-O-O Kg8 17. Bh4 c6 18.
Ne4 Bxb3 19. axb3 Qe6 20. Nc5 Qc8 21. g4 h6 22. Bf6 Rh7 23. h4 Nd5 24. Bxg7 Rxg7 25.
g5 hxg5 26. hxg5 Nxg5 27. Qh5 Nh7 28. Rdg1 Ndf6 29. Qh6 Ng4 30. Qh4 Nhf6 31. f3 b6 32. fxg4 bxc5 33. Qxf6 Qf8 34. Qxc6 Rd8 35. Qe4 Qf6 36.
g5 Qe6 37. Kc2 Qg6 38. Qxg6 Rxg6 39. Rh4 Kg7 40. Rc4 Rc8 41. b4 Rgc6 42. bxc5 Rxc5 43. Rxc5 Rxc5 44. b4 Rc7 45. Kb3 Kg6 46. e4 a6 47.
Rf1 Kxg5 48. Rf5+ Kg4 49. Rxe5 Kf4 50. Ra5 Rc6 51. e5 Kf5 52. c4 Re6 53. Ka4 Ke4 54. Rd5 Rc6 55. Kb3 Kf5 56. Rd6 Rc8 57. Rxa6 Kxe5 58.
Ra1 Kd6 59. Rd1+ Kc6 60. Rh1 Rg8 61. Rh6+ Kb7 62. b5 Rg1 63. Kb4 Rb1+ 64. Kc5 1-0

[Event "*** Titled Tuesday 3|2 Blitz"]
[Site "Chess.com"]
[Date "2016.05.03"]
[Round "1"]
[White "igorkovalenko"]
[Black "jsdbv"]
[Result "0-1"]
[WhiteElo "2573"]
[BlackElo "2308"]
[TimeControl "180+2"]
[EndTime "11:09:54 PDT"]
[Termination "jsdbv won by checkmate"]

1. d4 Nf6 2. c3 d5 3. Bf4 c6 4. Nd2 Bf5 5. e3 e6 6. Qb3 Qb6 7. Ngf3 h6 8. h3 Nbd7 9. Be2 Be7 10. O-O O-O 11. a4 Qxb3 12. Nxb3 a5 13. Nfd2 Rfc8 14.
g4 Bg6 15. f3 b6 16. Rfc1 c5 17. Nf1 c4 18. Nbd2 h5 19. Kf2 hxg4 20. hxg4 Ra7 21. Ng3 Ne8 22. e4 Nd6 23. e5 Ne8 24. Rh1 f6 25. exf6 Ndxf6 26. Be5 Nd7 27. f4 Nxe5 28. fxe5 Bg5 29. Nf3 Be7 30. Nh5 Be4 31. Nf4 Nc7 32.
Kg3 b5 33. axb5 Rb8 34. Ra2 Rxb5 35. Rha1 Rab7 36. Bd1 Rxb2 37. Rxb2 Rxb2 38. Rxa5 Rb1 39. Be2 Rb3 40. Ra7 Bd8 41. Bd1 Rxc3 42. Rb7 Kf7 43. g5 Ra3 44. g6+ Ke8 45. Rb8 c3 46. Kg4 c2 47. Bxc2 Bxc2 48. Ng5 Bf5+ 49. Kh5 Rg3 50. Nf7 Bg4# 0-1

[Event "*** Titled Tuesday 3|2 Blitz"]
[Site "Chess.com"]
[Date "2016.05.03"]
[Round "1"]
[White "cool64chess"]
[Black "Iball95"]
[Result "1-0"]
[WhiteElo "2194"]
[BlackElo "2511"]
[TimeControl "180+2"]
[EndTime "11:10:08 PDT"]
[Termination "cool64chess won by checkmate"]

1. d4 Nf6 2. c4 e6 3. Nc3 Bb4 4.
f3 c5 5. d5 d6 6. e4 O-O 7. Bd3 a6 8. Ne2 exd5 9. cxd5 b5 10. O-O Nbd7 11. Bg5 c4 12. Bc2 Bb7 13. Kh1 Qb6 14. Nd4 Rfe8 15. Nf5 Bc5 16. Qd2 g6 17. Ng3 Bd4 18. Rad1 Be5 19. f4 Bxc3 20. Qxc3 Ng4 21. f5 Nf2+ 22. Rxf2 Qxf2 23. fxg6 hxg6 24. Rf1 Qc5 25. Qf3 Rf8 26. Be7 Ne5 27. Qf6 Ng4 28. Qxd6 Qxd6 29. Bxd6 Rfe8 30. Bf4 Rad8 31. h3 Ne5 32.
Bd1 Nd3 33. Bg5 Rd6 34. b3 Nc5 35. Bf4 Rdd8 36. bxc4 bxc4 37. Bc2 Nd3 38. Bc7 Rc8 39. d6 Bc6 40. Bxd3 cxd3 41. Rd1 Bb5 42. e5 Kg7 43. Ne4 Bc6 44. Nc5 Rxe5 45. d7 Bxd7 46. Bxe5+ f6 47. Bxf6+ Kxf6 48. Nxd7+ Ke6 49. Rxd3 Rc1+ 50.
Kh2 Rc2 51. a3 Ra2 52. Nb6 Kf5 53. Nc4 g5 54. Rf3+ Kg6 55. Nd6 Rd2 56. Ne4 Rd4 57.
Nf2 Ra4 58. Ng4 Kh5 59. Rf6 Rxa3 60. Rh6# 1-0

[Event "*** Titled Tuesday 3|2 Blitz"]
[Site "Chess.com"]
[Date "2016.05.03"]
[Round "1"]
[White "arna"]
[Black "jk13"]
[Result "1-0"]
[WhiteElo "2117"]
[BlackElo "2408"]
[TimeControl "180+2"]
[EndTime "11:10:15 PDT"]
[Termination "arna won by resignation"]

1. e4 e5 2. Nf3 Nc6 3. Nc3 Nf6 4. Be2 Bd6 5. O-O O-O 6. d4 exd4 7. Nxd4 Re8 8. Bf3 Nxd4 9. Qxd4 Be5 10. Qd3 d6 11.
Bg5 h6 12. Bh4 Be6 13. Bg3 Bxg3 14. hxg3 Nd7 15. Rad1 Ne5 16. Qd4 a6 17. Nd5 Bxd5 18. Qxd5 Rb8 19. Be2 Nd7 20. f3 Qf6 21. c3 Re5 22. Qd4 Qg6 23. g4 Nc5 24. Bc4 Rbe8 25. Rd2 R5e7 26. b4 Ne6 27. Bxe6 Rxe6 28. Rfd1 Re5 29. a3 h5 30. gxh5 Rxh5 31. Kf2 Qh6 32. Qe3 Qf6 33. Qd4 Qh4+ 34. Ke3 Qg5+ 35. Kd3 Rh2 36. Rg1 Re5 37. Kc2 f5 38. exf5 Qxf5+ 39. Kb2 Qf6 40. Qc4+ Qf7 41. Qd3 Qe6 42. Rgd1 Re3 43.
Qc2 b5 44. Rf1 d5 45. f4 c6 46. f5 Qe5 47. f6 Re4 48. Rdf2 gxf6 49. Qd1 Qg5 50.
Qf3 Rg4 51. Qxf6 Qxf6 52. Rxf6 Rgxg2+ 53. Kb1 Rb2+ 54. Kc1 Rhc2+ 55. Kd1 Kg7 56. Rf7+ Kg6 57. R7f6+ Kg5 58. Rf8 Rd2+ 59. Kc1 Rbc2+ 60. Kb1 Rb2+ 61.
Kc1 Rdc2+ 62. Kd1 Rh2 63. Rg1+ Rbg2 64. Rxg2+ Rxg2 65. Rg8+ Kf4 66. Rxg2 Ke3 67. Kc2 Ke4 68.
Rg6 d4 69. Rxc6 1-0

[Event "*** Titled Tuesday 3|2 Blitz"]
[Site "Chess.com"]
[Date "2016.05.03"]
[Round "1"]
[White "Hikaru"]
[Black "Winehouse83"]
[Result "1-0"]
[WhiteElo "2868"]
[BlackElo "2364"]
[TimeControl "180+2"]
[EndTime "11:10:16 PDT"]
[Termination "Hikaru won by resignation"]

1. e4 e5 2. Nf3 Nc6 3. Bc4 Bc5 4. c3 Nf6 5. d3 O-O 6. Bb3 h6 7. h3 d5 8. Nbd2 dxe4 9. dxe4 Qe7 10. Qe2 Rd8 11. Nf1 Be6 12. Ng3 a5 13. O-O a4 14.
Bxe6 Qxe6 15. Be3 Bf8 16. Qb5 b6 17. b4 axb3 18. axb3 Rxa1 19. Rxa1 g6 20. b4 Kg7 21. Nd2 Qe8 22. Qc4 Ra8 23. Rxa8 Qxa8 24. Kh2 Bd6 25.
Qb5 Na7 26. Qa6 Qb8 27. Nc4 Nc8 28. f3 Nd7 29. Qb5 Nf6 30. Ne2 Na7 31. Qa6 Ne8 32. g4 Nc8 33. h4 Ne7 34. Ng3 Qc8 35. Qxc8 Nxc8 36. h5 b5 37. Na5 Nb6 38. Kg2 Na4 39.
Bd2 c5 40. Nc6 cxb4 41. cxb4 Nc7 42. Nf1 Ne6 43. hxg6 fxg6 44. Ne3 Nf4+ 45. Kh2 Nb2 46. Na7 Nfd3 47. Nxb5 Bxb4 48. Bxb4 Nxb4 49. Nd6 Nc6 50. g5 hxg5 51. Kg3 Nd3 52. Ng4 Nf4 53. Nc4 Nd3 54. Nge3 Kf7 55. Kg4 Kf6 56. Nd5+ Ke6 57. Kxg5 Ne1 58.
Kg4 Nd4 59. Nd2 Nd3 60. Ne3 Ne1 61. Kg3 Kf6 62. Ng4+ Ke6 63. Kf2 Nd3+ 64. Ke3 Nf4 65. Nxe5 Kxe5 66. Nc4+ Kf6 67. Kxf4 Ne6+ 68. Kg4 g5 69.
Ne3 Kg6 70. Nd5 Nd4 71. Ne3 Kf6 72. Nc4 Ke6 73. Nb2 Ke5 74. Nd3+ Ke6 75. Ne1 Ke5 76. Nd3+ Ke6 77. Kg3 Kf6 78. Nf2 Ke6 79. Nh3 Kf6 80. Kg4 Ne6 81. Kh5 Ke5 82. Nxg5 Nf4+ 83. Kg4 Ne2 84. Nf7+ Kf6 85. Nd6 1-0

[Event "*** Titled Tuesday 3|2 Blitz"]
[Site "Chess.com"]
[Date "2016.05.03"]
[Round "1"]
[White "Zhani-Z"]
[Black "Mischuk_D"]
[Result "1-0"]
[WhiteElo "2162"]
[BlackElo "2467"]
[TimeControl "180+2"]
[EndTime "11:10:21 PDT"]
[Termination "Zhani-Z won by checkmate"]

1. e4 e6 2. d4 d5 3. Nd2 Be7 4. c3 c5 5. dxc5 Nf6 6. exd5 Nxd5 7. Ne4 O-O 8. Nf3 f5 9. Nd6 Bxd6 10. cxd6 Nc6 11.
Bc4 Qxd6 12. O-O Rd8 13. Qe2 h6 14. Re1 Na5 15. Bxd5 Qxd5 16. b3 Nc6 17. c4 Qa5 18. Bb2 Qc7 19. Ne5 Nxe5 20. Bxe5 Qf7 21. Qf3 a5 22. Rad1 Re8 23. Rd6 a4 24. b4 a3 25. h3 Ra4 26. Qb3 Ra8 27. Red1 Qh5 28. c5 Kh7 29. R1d3 Qe2 30. Re3 Qb5 31. Rg3 Re7 32.
Qc3 f4 33. Rxg7+ Rxg7 34. Bxg7 Qe8 35. Be5 Qf7 36. Rd8 b5 37. Qd3+ Qf5 38. Qxf5+ exf5 39. c6 Kg6 40. Bxf4 h5 41. h4 Kf7 42. f3 Ke7 43.
c7 Ke6 44. Kf2 Ke7 45. Ke3 Ke6 46. Kd4 Ke7 47. Kc5 Ke6 48. Kc6 Ra6+ 49. Kxb5 Ra8 50.
Kc5 Ke7 51. b5 Ke6 52. b6 Ra5+ 53. Kb4 Ra8 54. Rxc8 Rxc8 55. b7 Kd7 56. bxc8=Q+ Kxc8 57. Kxa3 Kb7 58. Kb4 Kc8 59. Kb5 Kb7 60. Kc5 Kc8 61. Kb6 Kd7 62. Kb7 Ke6 63. c8=Q+ Kd5 64. a4 Kd4 65. a5 Kd3 66. a6 Ke2 67. Qc2+ Kf1 68.
Be3 Ke1 69. Qf2+ Kd1 70. Qd2# 1-0